 Dungeon Crawl Stone Soup version 0.28-a0-802-g09f76e8c00 (webtiles) character file.

Game seed: 10108639991255874756

455 bande the Chopper (level 7, 0/44 HPs)
             Began as a Gargoyle Fighter on Nov 7, 2021.
             Slain by Duvessa (5 damage)
             ... while paralysed by Pikel
             ... on level 4 of the Dungeon.
             The game lasted 00:05:18 (3579 turns).

bande the Chopper (Gargoyle Fighter)                Turns: 3579, Time: 00:05:18

Health: 0/44       AC: 17    Str: 20    XL:     7   Next: 5%
Magic:  7/7        EV:  2    Int:  9    God:
Gold:   85         SH:  0    Dex: 10    Spells: 6/6 levels left

rFire   . . .      SeeInvis .   a - +0 war axe
rCold   . . .      Faith    .   c - +0 buckler
rNeg    + . .      Spirit   .   b - +0 scale mail
rPois   ∞          Reflect  .   l - +0 helmet
rElec   +          Harm     .   n - +2 cloak
rCorr   .          Rampage  .   f - +0 pair of gloves
Will    .....                   (no boots)
Stlth   ..........              (no amulet)
HPRegen 0.14/turn               (no ring)
MPRegen 0.10/turn               (no ring)

@: paralysed, mighty
A: sickness immunity, AC +4, negative energy resistance 1, electricity
resistance, torment resistance 1, petrification resistance
a: no special abilities


You were on level 4 of the Dungeon.
You visited 1 branch of the dungeon, and saw 4 of its levels.

You collected 85 gold pieces.

Inventory:

Hand Weapons
 a - a +0 war axe (weapon)
 j - a +1 mace of protection
Missiles
 g - a throwing net (quivered)
Armour
 b - a +0 scale mail (worn)
 c - a +0 buckler (worn)
 f - a +0 pair of gloves (worn)
 l - a +0 helmet (worn)
 n - a +2 cloak (worn)
Scrolls
 i - a scroll of brand weapon {unknown}
 q - a scroll of fear {unknown}
Potions
 e - a potion of mutation {unknown}
 h - a potion of degeneration {unknown}
 m - a potion of cancellation {unknown}
 o - a potion of brilliance {unknown}
 p - 2 potions of heal wounds {unknown}


   Skills:
 + Level 4.5 Fighting
 + Level 4.8 Axes
 + Level 4.7 Armour
 - Level 0.1 Dodging
 + Level 4.3 Shields


You had 6 spell levels left.
You didn't know any spells.
Your spell library contained the following spells:

 Spells                   Type           Power      Damage    Failure   Level
 Summon Small Mammal      Summ           0%         N/A       73%         1
 Call Canine Familiar     Summ           0%         N/A       97%         3
 Summon Guardian Golem    Hex/Summ       0%         N/A       97%         3


Dungeon Overview and Level Annotations

Branches:
Dungeon (4/15)
 Temple: D:4-7

Altars:
Nemelex Xobeh
Vehumet
The Shining One

Annotations:
D:4 Duvessa, Pikel


Innate Abilities, Weirdness & Mutations

You are immune to sickness and miasma.
Your stone body is resilient. (AC +4)
You are immune to poison.
You resist negative energy. (rN+)
You are resistant to electric shocks. (rElec)
You are resistant to unholy torment.
You are immune to petrification.


Message History

You have reached level 7!
It was a potion of curing.
You feel better. Duvessa hits you but does no damage.
The orc hits you but does no damage.
You hit Duvessa but do no damage.
Duvessa is moderately wounded.
You hit the orc.
You kill the orc!
Duvessa hits you with a +0 short sword!
* * * LOW HITPOINT WARNING * * *
Duvessa hits you but does no damage.
The goblin unwields a +3 dagger.
The goblin wields a +0 hunting sling.
The goblin shoots a stone.
You block the stone.
Pikel the Slaver comes into view.
He is wielding a +2 whip of freezing and carrying a wand of paralysis (6).
You feel better. Duvessa hits you with a +0 short sword.
* * * LOW HITPOINT WARNING * * *
The goblin shoots a stone.
The stone hits you but does no damage. Duvessa closely misses you.
You feel very mighty all of a sudden.
A lemure comes into view.
Duvessa hits you with a +0 short sword.
* * * LOW HITPOINT WARNING * * *
Pikel says, "You'll feel the lick of my whip!"
The goblin shoots a stone.
The stone barely misses you. The giant cockroach barely misses you.
The lemure shouts!
You hit Duvessa.
Duvessa is moderately wounded.
You slash the giant cockroach!
You kill the giant cockroach!
Duvessa barely misses you.
Pikel zaps a wand.
You suddenly lose the ability to move!
The goblin shoots a stone.
The stone hits you but does no damage. Duvessa hits you with a +0 short sword.
* * * LOW HITPOINT WARNING * * *
Duvessa hits you with a +0 short sword.
* * * LOW HITPOINT WARNING * * *
Duvessa hits you but does no damage.
Pikel says, "You'll make a fine lemure."
The goblin unwields a +0 hunting sling.
The goblin wields a +3 dagger.
The goblin barely misses you. Duvessa hits you with a +0 short sword.
You die...

#### ....
####... .....#
# #.....
#..#.#..#
#.....eg####..#
#†@.K.5...
#.####.#######
#......##
#.....<.#
#..####.# #. .#
# .. .#. .#..


You could see Pikel, Duvessa (berserk), a lemure and a goblin.

Vanquished Creatures
  Sigmund (D:2)
  A scorpion (D:4)
  Dowan (D:4)
  A water moccasin skeleton (D:2)
  Crazy Yiuf (D:2)
  Terence (D:3)
  Robin (D:2)
  An adder (D:3)
  A dart slug (D:1)
  6 orcs
  5 ball pythons
  2 bats (D:1)
  5 endoplasms
  6 giant cockroaches
  21 goblins
  4 hobgoblins
  3 jackals (D:1)
  6 frilled lizards
  4 kobolds (D:1)
  4 rats
75 creatures vanquished.

Notes
Turn   | Place    | Note
-------+----------+-------------------------------------------
     0 | D:1      | bande the Gargoyle Fighter began the quest for the Orb.
     0 | D:1      | Reached XP level 1. HP: 14/14 MP: 1/1
    11 | D:1      | You fall into a shaft and drop 1 floor!
   160 | D:2      | Found a faded altar of an unknown god.
   217 | D:2      | Reached XP level 2. HP: 15/20 MP: 2/2
   217 | D:2      | Reached XP level 3. HP: 18/24 MP: 3/3
   670 | D:1      | Reached XP level 4. HP: 25/29 MP: 4/4
  1899 | D:2      | Noticed Sigmund
  1918 | D:2      | Killed Sigmund
  1919 | D:2      | Reached XP level 5. HP: 21/33 MP: 5/5
  1919 | D:2      | Reached XP level 6. HP: 24/38 MP: 6/6
  2206 | D:2      | Found a sparkling altar of Nemelex Xobeh.
  2229 | D:2      | Found a runed translucent door.
  2230 | D:2      | Noticed Crazy Yiuf
  2300 | D:2      | Noticed Robin
  2320 | D:2      | Killed Robin
  2697 | D:2      | Paralysed by Crazy Yiuf for 4 turns
  2702 | D:2      | Killed Crazy Yiuf
  3060 | D:3      | Found a glowing golden altar of the Shining One.
  3142 | D:3      | Found a radiant altar of Vehumet.
  3151 | D:3      | Noticed Terence
  3166 | D:3      | Killed Terence
  3561 | D:4      | Noticed Duvessa
  3561 | D:4      | Noticed Dowan
  3570 | D:4      | Killed Dowan
  3573 | D:4      | Reached XP level 7. HP: 9/44 MP: 7/7
  3574 | D:4      | Noticed Pikel
  3577 | D:4      | Paralysed by Pikel for 6 turns
  3579 | D:4      | Slain by Duvessa

Illustrated notes

Levels and vault maps discovered:
D:1:      minmay_arrival_shattered_statue, layout_loops_corners,
          minmay_misc_feat_enclosed, minmay_pentomino_z2
D:2:      layout_basic, chequers_ecumenical_altar_simple_redux, basic_altar,
          hangedman_decor_lopped, nrook_loot_triangle, uniq_sigmund,
          uniq_crazy_yiuf_cottage, uniq_robin
D:3:      layout_rooms, nicolae_overflow_hidden_temple,
          mainiacjoe_overflow_brackets, uniq_terence
D:4:      layout_loops_cross, kennysheep_little_box,
          mainiacjoe_overflow_alcove_4, gup_sewer_entry_glass, uniq_ijyb,
          uniq_duvessa, uniq_pikel, uniq_menkaure

Skill      XL: |  1  2  3  4  5  6 |
---------------+-------------------+-----
Axes           | 2 3 4 |  4.8
Fighting       | 4 |  4.5
Armour         | 4 |  4.7
Shields        | 4 |  4.3
Dodging        | |  0.1

Action                   |  1- 3 |  4- 6 |  7- 9 || total
-------------------------+-------+-------+-------++-------
Melee: War axe           |    27 |   167 |     2 ||   196
  Use: Scroll            |       |     4 |       ||     4
       Potion            |       |     1 |     3 ||     4
Armor: Scale mail        |    21 |   115 |     6 ||   142
Dodge: Dodged            |    11 |    71 |     5 ||    87
Block: Buckler           |     4 |    37 |     1 ||    42

Table legend: (Time is in decaauts)
 A = Elapsed time spent in this place.
 B = Non-inter-level travel time spent in this place.
 C = Inter-level travel time spent in this place.
 D = Time resting spent in this place.
 E = Time spent auto-exploring this place.
 F = Levels seen in this place.
 G = Mean time per level.
                   A        B        C        D        E       F      G
               +--------+--------+--------+--------+--------+-----+--------+
         Total |   3632 |   3533 |     99 |    924 |   2025 |   4 |  908.0 |
       Dungeon |   3632 |   3533 |     99 |    924 |   2025 |   4 |  908.0 |
               +--------+--------+--------+--------+--------+-----+--------+

Top non-repeatable levels by time:
     D:2: 1980 daAuts
     D:1: 1112 daAuts
     D:3: 518 daAuts
     D:4: 20 daAuts
